 Dungeon Crawl Stone Soup version 0.22.0-13-g43fe8f24b8 (webtiles) character file.

142 Htamos the Purveyor of Pain (level 5, -5/53 HPs)
             Began as an Ogre Necromancer on Aug 16, 2018.
             Was an Initiate of Kikubaaqudgha.
             Slain by an ogre
             ... wielding a +0 giant spiked club
              (12 damage)
             ... on level 6 of the Dungeon.
             The game lasted 00:11:14 (6048 turns).

Htamos the Purveyor of Pain (Ogre Necromancer)      Turns: 6048, Time: 00:11:14

Health: -5/53      AC:  3    Str: 12    XL:     5   Next: 24%
Magic:  6/8        EV: 10    Int: 16    God:    Kikubaaqudgha [......]
Gold:   198        SH:  0    Dex: 10    Spells: 1/8 levels left

rFire    . . .     SeeInvis .   u - +3 mace
rCold    . . .     Gourm    .   (no shield)
rNeg     . . .     Faith    .   a - +0 robe
rPois    .         Spirit   .   (helmet restricted)
rElec    .         Reflect  .   (no cloak)
rCorr    .         Harm     .   (gloves unavailable)
MR       .....                  (boots unavailable)
Stlth    ++........             (no amulet)
HPRegen  0.17/turn              (no ring)
MPRegen  0.11/turn              (no ring)

@: no status effects
A: large, unfitting armour, tough skin 1
a: Renounce Religion


You were on level 6 of the Dungeon.
You worshipped Kikubaaqudgha.
Kikubaaqudgha was noncommittal.
You were near starving.

You visited 2 branches of the dungeon, and saw 7 of its levels.

You collected 198 gold pieces.

Inventory:

Hand Weapons
 b - a +0 club
 l - a +0 short sword of electrocution
 u - a +3 mace (weapon)
 w - a +0 mace
Armour
 a - a +0 robe (worn)
Jewellery
 s - a cursed ring of teleportation {unknown}
 x - a +2 ring of dexterity {unknown}
Scrolls
 d - 3 scrolls of fear {unknown}
 h - 3 scrolls of enchant armour {unknown}
 i - 5 scrolls of identify {unknown}
 j - a scroll of amnesia {unknown}
 m - a scroll of fog {unknown}
 n - 4 scrolls of teleportation {unknown}
 o - 3 scrolls of remove curse {unknown}
 q - a scroll of blinking {unknown}
 r - a scroll of magic mapping {unknown}
 t - a scroll of immolation {unknown}
Potions
 e - 2 potions of curing {unknown}
 f - a potion of flight {unknown}
 g - a potion of heal wounds {unknown}
 k - 2 potions of invisibility {unknown}
 p - a potion of magic {unknown}
 v - 2 potions of haste {unknown}
Comestibles
 c - 2 rations


   Skills:
 * Level 3.1 Fighting
 * Level 1.8 Maces & Flails
 + Level 2.4 Dodging
 - Level 1.4 Stealth
 - Level 2.4 Spellcasting
 * Level 4.4 Necromancy


You had one spell level left.
You knew the following spells:

 Your Spells              Type           Power        Failure   Level  Hunger
a - Pain                  Necr           ###.         3%          1    #......
b - Vampiric Draining     Necr           ###.......   10%         3    ###....
c - Regeneration          Chrm/Necr      #.........   24%         3    ###....

Your spell library contained the following spells:

 Spells                   Type           Power        Failure   Level  Hunger
 Animate Dead             Necr           N/A          32%         4    #####..
 Animate Skeleton         Necr           N/A          3%          1    #......


Dungeon Overview and Level Annotations

Branches:
Dungeon (6/15)             Temple (1/1) D:4

Altars:
Cheibriados
Elyvilon
Gozag
Kikubaaqudgha
Okawaru
Qazlal
Sif Muna
Uskayaw
Xom
Yredelemnul
Zin
The Shining One

Annotations:
D:4 Sigmund


Innate Abilities, Weirdness & Mutations

You are too large for most types of armour.
You have tough skin. (AC +1)


Message History

The orc wizard mumbles some strange words.
The orc wizard seems to speed up.
The orc wizard points at you and mumbles some strange words.
The magic dart hits you!
* * * LOW HITPOINT WARNING * * *
The orc wizard gestures wildly while chanting.
The orc wizard blinks!
There is an escape hatch in the floor here.
The orc wizard points at you and mumbles some strange words.
The magic dart hits you!
* * * LOW HITPOINT WARNING * * *
The ogre barely misses you.
You slide downwards.
The hatch slams shut behind you.
Found 21 poisoned needles.
A shadow imp comes into view.
The shadow imp shouts, "Get thee gone, thou droning elf-skinned bounder!"
As you open the door, it creaks loudly!
The ogre hits you with a giant spiked club!
You die...
Kikubaaqudgha rasps: "You have failed me!
Welcome... death!"

## #.########
#.##
##..5....####
#(###.####.#.....
#..#.####...#####
#.##.#..# #.....#
#.......# ##...##
####.#### ##5##
#.# #O# #.# #@#
... #'# ... ...
.##. ..... . .#
....... .........
+..........
#.%.......#.


You could see an ogre and a shadow imp.

Vanquished Creatures
  5 adders
  2 oozes
  A worm (D:4)
  4 dart slugs
  3 leopard geckos
  4 orcs (D:4)
  5 bats
  5 giant cockroaches
  9 hobgoblins
  6 jackals
  A quokka (D:3)
  3 frilled lizards
  4 goblins
  A jackal skeleton (D:4)
  11 kobolds
  5 rats
69 creatures vanquished.

Vanquished Creatures (others)
  A plant (D:3)
1 creature vanquished.

Grand Total: 70 creatures vanquished

Notes
Turn   | Place    | Note
-------+----------+-------------------------------------------
     0 | D:1      | Htamos the Ogre Necromancer began the quest for the Orb.
     0 | D:1      | Reached XP level 1. HP: 16/16 MP: 3/3
    18 | D:1      | Reached skill level 1 in Fighting
   156 | D:1      | Reached XP level 2. HP: 12/27 MP: 5/5
   952 | D:1      | Reached XP level 3. HP: 35/35 MP: 4/6
  1380 | D:2      | Reached skill level 4 in Necromancy
  2112 | D:2      | Reached skill level 1 in Maces & Flails
  2112 | D:2      | Reached XP level 4. HP: 43/44 MP: 4/7
  2668 | D:3      | Found a faded altar of an unknown god.
  3072 | D:3      | Noticed a sky beast
  4171 | D:4      | Reached XP level 5. HP: 53/53 MP: 8/8
  4365 | D:4      | Noticed a phantom
  4521 | D:3      | Learned a level 3 spell: Vampiric Draining
  4525 | D:3      | Learned a level 3 spell: Regeneration
  4791 | D:4      | Noticed Sigmund
  5720 | D:4      | Found a staircase to the Ecumenical Temple.
  5727 | Temple   | Entered the Ecumenical Temple
  5821 | Temple   | Became a worshipper of Kikubaaqudgha
  5916 | D:4      | Noticed an ogre
  6002 | D:5      | Entered Level 5 of the Dungeon
  6048 | D:6      | Slain by an ogre

Skill      XL: |  1  2  3  4 |
---------------+-------------+-----
Fighting       | 1 2 3 |  3.1
Dodging        | 2 |  2.4
Necromancy     | 4 |  4.4
Maces & Flails | 1 |  1.8
Stealth        | |  1.4
Spellcasting   | |  2.4

Action                   |  1- 3 |  4- 6 || total
-------------------------+-------+-------++-------
Melee: Unarmed           |    19 |       ||    19
       Club              |    32 |     9 ||    41
       Short sword       |    31 |    46 ||    77
       Mace              |       |    65 ||    65
 Cast: Pain              |    34 |    55 ||    89
       Regeneration      |       |     3 ||     3
 Stab: Sleeping          |     1 |     4 ||     5
  Eat: Chunk             |     4 |     5 ||     9
       Ration            |       |     2 ||     2
Armor: Robe              |    25 |    27 ||    52
Dodge: Dodged            |    48 |    73 ||   121
